AoeStats
← blindsestudio0

Black Forest

510228646Analyzed
2v2 RM · 2d ago on Sep 30, 2026· 39m 5s· 4 players
Game mode
Random Map
Map size
Medium (4 player)
Population
200
Speed
Normal
Resources
Standard
Victory
Conquest
Starting age
Dark Age
Ending age
Imperial Age
RankedLock teamsTeams togetherTeam positionsShared explorationLock speedFull tech treeHidden civsTurbo modeCheats
Victory
Defeat
🇧🇴 Britons · Bolivia
464
+20
🇧🇴 Britons · Bolivia
459
+20
🇲🇽 Maya · Mexico
569
-21
🇨🇦 Portuguese · Canada
530
-19
ThuNz QC
9:57 Feudal Age
13:42 Horse Collar
19:11 Double-Bit Axe
21:13 Loom
22:42 Gold Mining
23:25 Town Watch
24:44 Stone Mining
30:50 Castle Age
32:12 Gambesons
Boomboclap
0:27 Loom
13:10 Feudal Age
15:22 Wheelbarrow
14:55 Double-Bit Axe
16:28 Town Watch
19:35 Gold Mining
22:37 Stone Mining
24:50 Castle Age
23:08 Padded Archer Armor
24:27 Fletching
24:37 Horse Collar
26:42 Bow Saw
27:50 Stone Shaft Mining
29:24 Elite Skirmisher
30:09 Scale Mail Armor
33:23 Hand Cart
blindsestudio0
2:28 Loom
14:10 Feudal Age
15:51 Wheelbarrow
15:04 Double-Bit Axe
16:42 Arson
21:04 Man-at-Arms
29:07 Castle Age
35:46 Imperial Age
34:35 Yeomen
blindsbolivia
16:05 Feudal Age
26:31 Castle Age
30:43 Double-Bit Axe
36:58 Horse Collar
37:39 Bow Saw
Connection lost

Rejoining the realm…

Still unreachable

The connection could not be restored.

Session expired

The server has moved on; the page needs a fresh start.